 Dungeon Crawl Stone Soup version 0.30-a0-622-gddc90eaa04 (webtiles) character file.

Game seed: 1902445426894880181

1037 lesbiats the Ruffian (level 8, -1/79 HPs)
             Began as a Troll Fighter on Jan 11, 2023.
             Engulfed by a steam dragon's steam (11 damage)
             ... on level 5 of the Dungeon on Jan 12, 2023.
             The game lasted 00:29:31 (3748 turns).

lesbiats the Ruffian (Troll Fighter)                Turns: 3748, Time: 00:29:32

Health: -1/79      AC:  4    Str: 25    XL:     8   Next: 4%
Magic:  7/7        EV: 13    Int:  6    God:
Gold:   124        SH:  8    Dex:  9    Spells: 7/7 levels left

rFire   . . .      SeeInvis .      - Unarmed
rCold   . . .      Faith    .    b - +0 kite shield
rNeg    + . .      Spirit   .    a - +0 robe
rPois   .          Reflect  .    (helmet restricted)
rElec   .          Harm     .    (no cloak)
rCorr   .          Rampage  .    (gloves unavailable)
Will    .....                    (boots unavailable)
Stlth   +                        t - amulet of the acrobat
HPRegen 1.13/turn                x - ring of positive energy
MPRegen 0.10/turn                A - +5 ring of evasion

@: no status effects
A: large, unfitting armour, claws 3, regeneration 1, shaggy fur 1, tough skin 1
a: no special abilities


You were on level 5 of the Dungeon.
You visited 1 branch of the dungeon, and saw 5 of its levels.
You also visited: Sewer.

You collected 194 gold pieces.
You spent 70 gold pieces at shops.

Inventory:

Missiles
 l - 8 poisoned darts (quivered)
 p - 6 atropa-tipped darts
 v - a boomerang
Armour
 a - a +0 robe (worn)
 b - a +0 kite shield (worn)
 n - a +2 robe of cold resistance
 s - an orb of light
Jewellery
 t - an amulet of the acrobat (around neck)
 x - a ring of positive energy (left claw)
 A - a +5 ring of evasion (right claw)
Wands
 w - a wand of flame (10)
 y - a wand of light (10)
Scrolls
 g - 2 scrolls of magic mapping
 h - a scroll of blinking {unknown}
 m - 2 scrolls of teleportation
 o - a scroll of poison {unknown}
 q - a scroll of vulnerability {unknown}
 u - a scroll of immolation {unknown}
 B - a scroll of butterflies {unknown}
 C - a scroll of brand weapon {unknown}
Potions
 c - 3 potions of might
 d - 4 potions of heal wounds
 e - 2 potions of berserk rage {unknown}
 f - 8 potions of curing
 i - a potion of resistance {unknown}
 j - 4 potions of flight
 k - a potion of lignification {unknown}
 r - a potion of mutation {unknown}
 z - a potion of brilliance {unknown}


   Skills:
 + Level 4.5 Fighting
 - Level 2.4 Dodging
 + Level 5.0 Shields
 * Level 6.9 Unarmed Combat


You had 7 spell levels left.
You didn't know any spells.
Your spell library contained the following spells:

 Spells                   Type           Power      Damage    Failure   Level
 Foxfire                  Conj/Fire      0%         2x1d4     73%         1
 Fireball                 Conj/Fire      0%         3d3       100%        5
 Starburst                Conj/Fire      0%         6d3       100%        6


Dungeon Overview and Level Annotations

Branches:
Dungeon (5/15)              Sewer (visited)
 Temple: D:4-7

Altars:
Fedhas
Nemelex Xobeh
Qazlal
Sif Muna
Xom

Shops:
D:2 :*[   D:4 [

Annotations:
D:4 2 transporters, avis's ghost, novice DgWr


Innate Abilities, Weirdness & Mutations

You are too large for most types of armour.
You have claws for hands.
Your natural rate of healing is unusually fast.
You are covered in fur. (AC +1)
You have tough skin. (AC +1)


Message History

You scratch the steam dragon.
The steam dragon is lightly wounded.
You are engulfed in a cloud of scalding steam.
The steam dragon bites you. The steam dragon closely misses you.
You barely miss the steam dragon.
The steam dragon is lightly wounded.
You are engulfed in a cloud of scalding steam.
* * * LOW HITPOINT WARNING * * *
The steam dragon barely misses you. You block the steam dragon's attack.
You scratch the steam dragon.
The steam dragon is lightly wounded.
You are engulfed in a cloud of scalding steam.
* * * LOW HITPOINT WARNING * * *
The steam dragon bites you!
* * * LOW HITPOINT WARNING * * *
The steam dragon closely misses you. The steam dragon breathes steam at you.
The ball of steam misses you.
Okay, then.
You feel much better.
You are engulfed in a cloud of scalding steam.
You claw the steam dragon!
The steam dragon is heavily wounded.
You block the steam dragon's attack.
The steam dragon claws you but does no damage.
You closely miss the steam dragon.
The steam dragon is heavily wounded.
The steam dragon misses you. The steam dragon claws you.
You barely miss the steam dragon.
The steam dragon is heavily wounded.
You block the steam dragon's attack. The steam dragon claws you.
You closely miss the steam dragon.
The steam dragon is heavily wounded.
The steam dragon breathes steam at you. The ball of steam hits you!!
* * * LOW HITPOINT WARNING * * *
You closely miss the steam dragon.
The steam dragon is heavily wounded.
You are engulfed in a cloud of scalding steam.
You die...

#.# #.# #####.####.#
#. ######..........#
#.. ...........####.#
#..
#####.....####.######
#.####
##)#...........<. #
#....#
#.#.#####.###### ..
#....#####§#.# #)#
#.#......D@§.§.#
##.######
#......#####§###
#.))..... .####...#
#.######.)######
.....?..#
#.#..)........#
.####.D)#
#.#.####..###.# #...#
..# #.......#.# #...#
..#....#....#.# ....#
..#######.###.##
#.....
................


You could see a steam dragon (catching breath).

Vanquished Creatures
  A steam dragon (D:5)
  A black bear (D:5)
  An ogre (D:3)
  Blork the orc (D:3)
  2 necrophages
  A scorpion (D:4)
  A howler monkey (D:5)
  2 orc priests
  2 hounds
  2 iguanas
  A hell rat (Sewer)
  3 gnolls (D:1)
  8 adders
  3 river rats
  A shadow imp (D:5)
  An ufetubus (D:4)
  A dart slug (D:4)
  15 orcs
  6 bats
  6 endoplasms
  6 giant cockroaches
  5 goblins
  11 hobgoblins
  5 kobolds
  5 quokkas
  9 ball pythons
  3 frilled lizards (D:1)
  10 rats
113 creatures vanquished.

Vanquished Creatures (others)
  10 fungi (D:5)
10 creatures vanquished.

Grand Total: 123 creatures vanquished

Notes
Turn   | Place    | Note
-------+----------+-------------------------------------------
     0 | D:1      | lesbiats the Troll Fighter began the quest for the Orb.
     0 | D:1      | Reached XP level 1. HP: 22/22 MP: 0/0
   500 | D:1      | Reached XP level 2. HP: 25/29 MP: 1/1
  1094 | D:2      | Found Fessilargh's Assorted Antiques.
  1161 | D:2      | Reached XP level 3. HP: 35/36 MP: 2/2
  1201 | D:2      | Bought a bubbling amethyst potion for 14 gold pieces
  1201 | D:2      | Bought a metallic blue potion for 14 gold pieces
  1201 | D:2      | Bought a white potion for 14 gold pieces
  1201 | D:2      | Bought a viscous emerald potion for 14 gold pieces
  1219 | D:2      | Reached skill level 3 in Unarmed Combat
  1280 | D:2      | Bought a white potion for 14 gold pieces
  1343 | D:2      | Found Otokov's Antique Armour Emporium.
  1476 | D:1      | Reached XP level 4. HP: 22/44 MP: 3/3
  1545 | D:2      | Found Faxkahy's Book Emporium.
  1889 | D:3      | Found a glowing drain.
  1898 | Sewer    | Entered a sewer
  1933 | Sewer    | Reached XP level 5. HP: 53/53 MP: 4/4
  1942 | Sewer    | Reached skill level 4 in Unarmed Combat
  2042 | D:3      | Noticed an ogre
  2084 | D:3      | Found a shimmering altar of Xom.
  2432 | D:3      | Found a faded altar of an unknown god.
  2526 | D:3      | Killed an ogre
  2527 | D:3      | Reached XP level 6. HP: 30/61 MP: 5/5
  2663 | D:4      | Found Majoibos's Antique Armour Boutique.
  2693 | D:4      | Reached skill level 5 in Unarmed Combat
  2721 | D:4      | Noticed Blork the orc
  2751 | D:4      | Noticed avis's ghost (novice DgWr)
  2766 | D:3      | Killed Blork the orc
  2789 | D:4      | Found a transporter.
  2876 | D:4      | Found a blossoming altar of Fedhas.
  2876 | D:4      | Found a stormy altar of Qazlal.
  2928 | D:4      | Found a transporter.
  3029 | D:4      | Reached XP level 7. HP: 67/70 MP: 6/6
  3048 | D:4      | Found a sparkling altar of Nemelex Xobeh.
  3351 | D:5      | Entered Level 5 of the Dungeon
  3454 | D:5      | Noticed a steam dragon
  3455 | D:5      | Noticed a steam dragon
  3491 | D:5      | Killed a steam dragon
  3492 | D:5      | Reached skill level 6 in Unarmed Combat
  3601 | D:5      | Found a shimmering blue altar of Sif Muna.
  3664 | D:5      | Reached skill level 5 in Shields
  3667 | D:5      | Reached XP level 8. HP: 75/79 MP: 7/7
  3740 | D:5      | HP: 3/79 [steam dragon (8)]
  3748 | D:5      | Engulfed by a steam dragon's steam

Illustrated notes

Levels and vault maps discovered:
D:1:      evilmike_arrival_plus, layout_basic, nicolae_figureground_pulse
D:2:      layout_rooms, serial_shops, shop, shop_statue, shop
D:3:      layout_rooms, mainiacjoe_overflow_alcove_1,
          hellmonk_ecumenical_altar_inner_sanctum, gup_sewer_entry_bubbles,
          minmay_liquid_box, glass_columns_c, serial_bayou_pond_d
D:4:      layout_cave_pools, mainiacjoe_overflow_brackets,
          grunt_temple_overflow_forces_of_nature, gammafunk_ghost_arena,
          nicolae_stop_n_shop_2, hangedman_minor_gate_pass, uniq_blork_the_orc
D:5:      kennysheep_steamy, layout_basic, nicolae_overflow_hidden_temple,
          mainiacjoe_overflow_catwalk, mainiacjoe_overflow_alcove_4

Skill      XL: |  1  2  3  4  5  6  7 |
---------------+----------------------+-----
Shields        | 3 4 5 |  5.0
Unarmed Combat | 3 4 5 6 |  6.9
Fighting       | 3 4 |  4.5
Dodging        | |  2.4

Action                   |  1- 3 |  4- 6 |  7- 9 || total
-------------------------+-------+-------+-------++-------
Melee: Unarmed           |    84 |   148 |    83 ||   315
  Use: Scroll            |       |     1 |     4 ||     5
       Potion            |       |       |     1 ||     1
 Stab: Sleeping          |     1 |       |     1 ||     2
Armor: Robe              |    21 |    55 |    10 ||    86
Dodge: Dodged            |    32 |    71 |    28 ||   131
Block: Kite shield       |    36 |    78 |    40 ||   154

Table legend: (Time is in decaauts)
 A = Elapsed time spent in this place.
 B = Non-inter-level travel time spent in this place.
 C = Inter-level travel time spent in this place.
 D = Time resting spent in this place.
 E = Time spent auto-exploring this place.
 F = Levels seen in this place.
 G = Mean time per level.
                   A        B        C        D        E       F      G
               +--------+--------+--------+--------+--------+-----+--------+
         Total |   3768 |   3429 |    339 |    445 |   1770 |   6 |  628.0 |
       Dungeon |   3680 |   3341 |    339 |    445 |   1765 |   5 |  736.0 |
         Sewer |     88 |     88 |      0 |      0 |      5 |   1 |   88.0 |
               +--------+--------+--------+--------+--------+-----+--------+

Top non-repeatable levels by time:
     D:1: 1160 daAuts
     D:2: 797 daAuts
     D:3: 665 daAuts
     D:4: 660 daAuts
     D:5: 396 daAuts
   Sewer: 88 daAuts
